 Dungeon Crawl Stone Soup version 0.27-a0-1359-ga2a4dfd6fd (webtiles) character file.

Game seed: 18366718576863694128

12948 Brandom the Grappler (level 11, -1/172 HPs)
             Began as a Troll Delver on June 28, 2021.
             Was an Elder of Trog.
             Succumbed to Louise's poison
             ... on level 14 of the Dungeon.
             The game lasted 00:25:44 (8363 turns).

Brandom the Grappler (Troll Delver)                 Turns: 8363, Time: 00:25:45

Health: -1/172     AC: 15    Str: 22    XL:     11   Next: 69%
Magic:  10/10      EV:  6    Int:  6    God:    Trog [****..]
Gold:   947        SH: 14    Dex: 14    Spells: 10/10 levels left

rFire    + + .     SeeInvis .     - Unarmed
rCold    x . .     Faith    .   I - +0 tower shield
rNeg     . . .     Spirit   .   f - +1 fire dragon scales
rPois    .         Reflect  .   k - +2 hat
rElec    .         Harm     .   x - +0 cloak
rCorr    .         Rampage  .   (gloves unavailable)
Will     ++...                  (boots unavailable)
Stlth    ..........             (no amulet)
HPRegen  2.38/turn              (no ring)
MPRegen  0.12/turn              (no ring)

@: berserking, lethally poisoned (-1 -> -8), strong-willed, regenerating,
studying Dodging, very quick
A: large, unfitting armour, claws 3, regeneration 1, shaggy fur 1, tough skin 1
a: Renounce Religion, Berserk, Trog's Hand, Brothers in Arms


You were on level 14 of the Dungeon.
You worshipped Trog.
Trog was greatly pleased with you.
You visited 2 branches of the dungeon, and saw 14 of its levels.

You collected 947 gold pieces.

Inventory:

Missiles
 g - 6 curare-tipped darts (quivered) {!f}
 s - 27 poisoned darts
 y - a throwing net {!f}
 O - a large rock
Armour
 a - a +0 robe
 f - +1 fire dragon scales (worn)
   (You acquired it on level 6 of the Dungeon)
 k - a +2 hat (worn)
   (You found it on level 1 of the Dungeon)
 x - a +0 cloak (worn)
   (You found it on level 5 of the Dungeon)
 B - +0 acid dragon scales
   (You found it on level 7 of the Dungeon)
 I - a +0 tower shield (worn)
   (You found it on level 8 of the Dungeon)
Jewellery
 w - a ring of flight
   (You found it on level 5 of the Dungeon)
Wands
 d - a wand of iceblast (15)
   (You found it on level 10 of the Dungeon)
 t - a wand of flame (8)
   (You found it on level 10 of the Dungeon)
 u - a wand of paralysis (8)
   (You found it on level 10 of the Dungeon)
 v - a wand of digging (12)
 A - a wand of charming (7)
   (You found it on level 6 of the Dungeon)
 G - a wand of polymorph (9)
   (You found it on level 8 of the Dungeon)
 J - a wand of mindburst (18)
   (You found it on level 9 of the Dungeon)
Scrolls
 b - 2 scrolls of fog
 c - 2 scrolls of magic mapping
 h - a scroll of silence
 j - a scroll of vulnerability {!r}
 m - a scroll of noise {unknown}
 q - a scroll of amnesia {unknown}
 r - a scroll of blinking {unknown}
 C - 3 scrolls of fear
 K - a scroll of enchant armour {unknown}
 L - a scroll of immolation {unknown}
 M - 2 scrolls of teleportation {@r4}
Potions
 e - 5 potions of haste {@q3}
 i - 4 potions of heal wounds {unknown}
 l - 4 potions of might {unknown}
 n - 3 potions of invisibility
 o - 2 potions of magic
 p - 3 potions of flight
 z - 3 potions of degeneration {unknown}
 D - a potion of brilliance
 E - 2 potions of lignification {unknown}
 F - 2 potions of curing {@q1}
 H - 2 potions of attraction {unknown}
 N - a potion of ambrosia {unknown}


   Skills:
 * Level 9.1 Fighting
 + Level 6.5 Throwing
 + Level 4.1 Armour
 + Level 7.9 Dodging
 - Level 2.7 Stealth
 + Level 3.2 Shields
 * Level 10.4 Unarmed Combat


You had 10 spell levels left.
You didn't know any spells.
Your spell library was empty.

Dungeon Overview and Level Annotations

Branches:
Dungeon (11/15)            Temple (1/1) D:5            Lair (0/6) D:9
    Orc: D:9-12

Altars:
Ashenzari
Cheibriados
Dithmenos
Elyvilon
Fedhas
Gozag
Hepliaklqana
Kikubaaqudgha
Makhleb
Nemelex Xobeh
Okawaru
Qazlal
Ru
Sif Muna
Trog
Uskayaw
Vehumet
Wu Jian
Xom
Yredelemnul
Zin
The Shining One

Shops:
D:6 [   D:9 *

Annotations:
D:14 Louise


Innate Abilities, Weirdness & Mutations

You are too large for most types of armour.
You have claws for hands.
Your natural rate of healing is unusually fast.
You are covered in fur. (AC +1)
You have tough skin. (AC +1)


Message History

Trog will no longer gift you weapons.
You feel sick.
You feel sick.
Your ogre hits Louise with a +0 giant club!
Louise barely misses your ogre.
You feel sick.
Your ogre hits Louise with a +0 giant club!!
Louise points at you and mumbles some strange words.
The stone arrow hits your ogre!!
You feel sick. Louise blocks your ogre's attack.
Louise casts a spell at your ogre. The stone arrow hits your ogre!!!
Your ogre dies!
Your ogre's corpse disappears in a puff of smoke!
You feel sick. You block Louise's attack. Louise blocks your attack.
You feel sick.
You are no longer poisoned.
Louise mumbles some strange words.
Louise blinks!
Throw: 7 darts (curare) {!f}
Aim: Louise, wielding a +3 morningstar of venom, wearing a +0 chain mail and wearing a +0 tower shield (almost dead, 78% to hit)
You throw a curare-tipped dart {!f}.
Louise blocks the curare-tipped dart {!f}.
You barely miss Louise.
Louise laughs uncontrollably.
Louise points at you and mumbles some strange words.
The stone arrow hits you!!
* * * LOW HITPOINT WARNING * * *
Louise blocks your attack.
Louise hits you with a +3 morningstar of venom!
* * * LOW HITPOINT WARNING * * *
You are poisoned.
Okay, then.
A red film seems to cover your vision as you go berserk!
You feel yourself moving faster!
You feel mighty!
You feel extremely sick. You block Louise's attack. Louise blocks your attack.
You feel very sick.
Louise hits you with a +3 morningstar of venom!
* * * LOW HITPOINT WARNING * * *
You are lethally poisoned!
Louise blocks your attack.
* * * LOW HITPOINT WARNING * * *
You feel very sick.
Louise points at you and mumbles some strange words.
You block the stone arrow.
You are too berserk!
Louise blocks your attack.
You die...

#..# #..# #..####..######
#..............
########..............
.......†.(####..######
.........(# #..#
##.(.....(# #..# #...>.@..#
#..# #.....@..# #..#
#........# #..# #........#
#..# #........# #..#
..####.......†####..######.
...........................
.§.........................
>...####..#####.......C....
... #..# ###..........


You could see Louise.

Vanquished Creatures
  A catoblepas (D:14)
  Erica (D:9)
  A two-headed ogre (D:10)
  A cyclops (D:14)
  A manticore (D:14)
  A komodo dragon (D:9)
  A troll (D:5)
  3 slime creatures (D:13)
  Sigmund (D:2)
  A vampire (D:11)
  A wyvern (D:9)
  15 yaks
  2 wraiths
  A basilisk (D:10)
  Grum (D:8)
  5 vampire mosquitoes
  2 acid dragons
  3 water moccasins
  2 ice beasts
  5 orc warriors
  A black bear (D:8)
  A sky beast (D:6)
  2 hornet zombies (D:9)
  2 ogres
  3 centaurs
  4 wolves (D:8)
  2 phantoms
  8 bullfrogs
  A gnoll sergeant (D:7)
  3 scorpions
  A wyvern skeleton (D:6)
  6 killer bees
  8 wights
  4 centaur zombies
  3 hounds
  9 orc priests
  A gnoll shaman (D:5)
  3 iguanas (D:4)
  5 orc wizards
  A killer bee zombie (D:7)
  A hound skeleton (D:4)
  A howler monkey zombie (D:9)
  15 gnolls
  A howler monkey skeleton (D:3)
  9 adders
  5 shadow imps
  A white imp (D:7)
  2 worms
  2 dart slugs
  23 orcs
  4 endoplasms
  4 giant cockroaches
  4 goblins
  2 hobgoblins
  17 jackals
  10 kobolds
  6 quokkas
  9 ball pythons
  3 bats
  4 frilled lizards
  5 rats
245 creatures vanquished.

Vanquished Creatures (others)
  7 fungi (D:9)
  15 plants (D:9)
22 creatures vanquished.

Grand Total: 267 creatures vanquished

Notes
Turn   | Place    | Note
-------+----------+-------------------------------------------
     0 | D:5      | Brandom the Troll Delver began the quest for the Orb.
     0 | D:5      | Reached XP level 1. HP: 22/22 MP: 0/0
    10 | D:5      | Found a staircase to the Ecumenical Temple.
    19 | Temple   | Entered the Ecumenical Temple
    68 | Temple   | Became a worshipper of Trog the Wrathful
   125 | D:4      | Reached XP level 2. HP: 29/29 MP: 1/1
   228 | D:3      | Reached XP level 3. HP: 25/36 MP: 2/2
   251 | D:3      | Reached skill level 1 in Throwing
   451 | D:3      | Found an ornate altar of the Wu Jian Council.
   518 | D:2      | Reached XP level 4. HP: 45/45 MP: 3/3
   528 | D:1      | Reached skill level 3 in Unarmed Combat
   552 | D:1      | Reached * piety under Trog
   967 | D:2      | Noticed Sigmund
   974 | D:2      | Killed Sigmund
   975 | D:2      | Reached XP level 5. HP: 44/54 MP: 4/4
   975 | D:2      | Reached XP level 6. HP: 51/62 MP: 5/5
  1066 | D:2      | Reached skill level 4 in Unarmed Combat
  1135 | D:2      | Found a faded altar of an unknown god.
  1415 | D:2      | Reached ** piety under Trog
  2247 | D:4      | Reached XP level 7. HP: 68/71 MP: 6/6
  2530 | D:4      | Found a glowing golden altar of the Shining One.
  2857 | D:5      | Noticed a troll
  2868 | D:5      | Killed a troll
  2869 | D:5      | Reached skill level 5 in Unarmed Combat
  2959 | D:5      | Reached skill level 5 in Fighting
  3020 | D:4      | Reached XP level 8. HP: 43/80 MP: 7/7
  3065 | D:4      | Reached *** piety under Trog
  3245 | D:5      | Reached skill level 6 in Unarmed Combat
  3359 | D:5      | Found a shimmering altar of Xom.
  3521 | D:6      | Identified 2 scrolls of acquirement
  3521 | D:6      | Acquired a manual of Dodging
  3522 | D:6      | Acquired +1 fire dragon scales
  3580 | D:6      | Found an ancient bone altar of Kikubaaqudgha.
  3797 | D:6      | Reached skill level 7 in Unarmed Combat
  3797 | D:6      | Reached XP level 9. HP: 85/89 MP: 8/8
  3812 | D:6      | Found a shadowy altar of Dithmenos.
  3812 | D:6      | Found a sacrificial altar of Ru.
  3991 | D:6      | Found Namoogi's Antique Armour Emporium.
  4187 | D:7      | Reached **** piety under Trog
  4232 | D:7      | Reached skill level 5 in Dodging
  4610 | D:7      | Reached skill level 1 in Armour
  4823 | D:7      | Reached skill level 8 in Unarmed Combat
  5080 | D:8      | Reached skill level 5 in Throwing
  5241 | D:8      | Noticed Grum
  5261 | D:8      | Killed Grum
  5262 | D:8      | Reached XP level 10. HP: 102/102 MP: 9/9
  5281 | D:8      | Found a broken altar of Ashenzari.
  5320 | D:8      | Found a radiant altar of Vehumet.
  5768 | D:8      | Found a hide-covered altar of Uskayaw.
  5819 | D:9      | Noticed Erica
  5834 | D:9      | Killed Erica
  6049 | D:9      | Reached skill level 1 in Shields
  6133 | D:9      | Reached skill level 9 in Unarmed Combat
  6347 | D:9      | Reached ***** piety under Trog
  6390 | D:9      | Found a staircase to the Lair.
  6445 | D:9      | Found Nimeate's Mayhem Merchandise.
  6916 | D:10     | Entered Level 10 of the Dungeon
  6978 | D:10     | Found a basalt altar of Yredelemnul.
  6982 | D:10     | Reached XP level 11. HP: 113/113 MP: 10/10
  7406 | D:10     | Noticed a two-headed ogre
  7418 | D:10     | Killed a two-headed ogre
  7949 | D:11     | Reached skill level 10 in Unarmed Combat
  8119 | D:11     | You fall into a shaft and drop 2 floors!
  8173 | D:13     | You fall into a shaft and drop 1 floor!
  8297 | D:14     | Noticed a catoblepas
  8318 | D:14     | Killed a catoblepas
  8342 | D:14     | Noticed Louise
  8361 | D:14     | HP: 4/172 [Louise (17)]
  8362 | D:14     | HP: 1/172 [poisoned by Louise]
  8363 | D:14     | Succumbed to Louise's poison

Illustrated notes

Levels and vault maps discovered:
D:1:      ncdulo_lavacross, layout_basic
D:2:      layout_basic, basic_ecumenical_altar, uniq_sigmund
D:3:      wad_crossroads, layout_basic, nicolae_wu_jian_immortal_techniques,
          minmay_misc_feat_pillars
D:4:      layout_loops_ring, nicolae_tso_carved_into_rock,
          hangedman_minor_gate_pass
D:5:      layout_rooms, nicolae_overflow_crystal_walls, temple_hall
D:6:      layout_cave_pools, lemuel_round_altar,
          chequers_temple_overflow_statue_of_worship, kennysheep_windowed_goal
D:7:      layout_cave_pods, minivault_22, dk_vineyard_3
D:8:      layout_basic, lemuel_tele_altar, ashenzari_conservatory_becter,
          kennysheep_little_box, uniq_grum
D:9:      layout_loops_ring, grunt_lair_entry_orc_guard_hut, minmay_shop_mayhem,
          uniq_erica
D:10:     layout_basic, yredelemnul_altar_generic
D:11:     layout_long_grid, chequers_serial_rivers_micro_d, hangedman_misty_isle
D:13:     minmay_octo_star, layout_long_grid, grunt_vaults_entry_fortified
D:14:     layout_small_grid, serial_shops, nicolae_square_shop, nrook_uturn,
          kennysheep_four_rooms, uniq_louise, uniq_nessos
Temple:   chequers_temple_sunken

Skill      XL: |  1  2  3  4  5  6  7  8  9 10 11 |
---------------+----------------------------------+-----
Throwing       | 1 2 3 4 5 6 |  6.5
Fighting       | 3 4 5 6 7 8 9 |  9.1
Dodging        | 2 3 4 5 7 |  7.9
Unarmed Combat | 3 4 5 7 8 9 10 | 10.4
Armour         | 1 3 4 |  4.1
Shields        | 2 3 |  3.2
Stealth        | |  2.7

Action                   |  1- 3 |  4- 6 |  7- 9 | 10-12 || total
-------------------------+-------+-------+-------+-------++-------
Melee: Unarmed           |    50 |   170 |   284 |   361 ||   865
       Punch             |       |     3 |    13 |     3 ||    19
Throw: Large rock        |       |       |       |     4 ||     4
       Dart              |       |       |       |     2 ||     2
Invok: Berserk           |       |     1 |     7 |     7 ||    15
       Trog's Hand       |       |       |       |     2 ||     2
       Brothers in Arms  |       |       |       |     1 ||     1
  Use: Scroll            |       |     4 |     4 |     2 ||    10
       Potion            |       |       |       |     1 ||     1
 Stab: Sleeping          |     1 |    13 |     1 |       ||    15
Armor: Robe              |    13 |    64 |    29 |       ||   106
       Fire dragon scale |       |       |   122 |   199 ||   321
Dodge: Dodged            |    36 |    65 |   157 |    96 ||   354
Block: Tower shield      |       |       |       |   267 ||   267

Table legend: (Time is in decaauts)
 A = Elapsed time spent in this place.
 B = Non-inter-level travel time spent in this place.
 C = Inter-level travel time spent in this place.
 D = Time resting spent in this place.
 E = Time spent auto-exploring this place.
 F = Levels seen in this place.
 G = Mean time per level.
                   A        B        C        D        E       F      G
               +--------+--------+--------+--------+--------+-----+--------+
         Total |   8565 |   8285 |    280 |    654 |   5713 |  14 |  611.8 |
       Dungeon |   8495 |   8215 |    280 |    654 |   5713 |  13 |  653.5 |
        Temple |     69 |     69 |      0 |      0 |      0 |   1 |   69.0 |
               +--------+--------+--------+--------+--------+-----+--------+

Top non-repeatable levels by time:
     D:9: 1192 daAuts
     D:4: 970 daAuts
     D:7: 919 daAuts
    D:10: 886 daAuts
     D:3: 814 daAuts
     D:8: 797 daAuts
     D:5: 711 daAuts
     D:2: 589 daAuts
     D:6: 565 daAuts
     D:1: 414 daAuts
    D:11: 368 daAuts
    D:14: 207 daAuts
  Temple: 69 daAuts
    D:13: 58 daAuts
